 Dungeon Crawl Stone Soup version 0.18.1-48-g4cf74bf (webtiles) character file.

1565 WarriorsX the Skirmisher (level 9, -10/72 HPs)
             Began as a Human Fighter on July 31, 2016.
             Mangled by an ogre
             ... wielding a cursed -3 giant club
              (18 damage)
             ... on level 6 of the Dungeon.
             The game lasted 00:14:30 (6922 turns).

WarriorsX the Skirmisher (Human Fighter)            Turns: 6922, Time: 00:14:31

Health: -10/72     AC:  9    Str: 19    XL:     9   Next: 13%
Magic:  9/9        EV:  7    Int:  8    God:
Gold:   279        SH:  9    Dex: 14    Spells: 0 memorised, 8 levels left

rFire  . . .     SeeInvis .     a - +0 long sword
rCold  . . .     Gourm    .     b - +0 scale mail
rNeg   . . .     Faith    .     c - +0 shield
rPois  .         Spirit   .     (no helmet)
rElec  .         Dismiss  .     l - +0 cloak
rCorr  .         Reflect  .     (no gloves)
SustAt .         Harm     .     (no boots)
MR     .....                    (no amulet)
Stlth  ..........               (no ring)
                                (no ring)

@: not resistant to hostile enchantments, extremely unstealthy
A: no striking features
a: no special abilities


You were on level 6 of the Dungeon.
You were not hungry.

You visited 2 branches of the dungeon, and saw 7 of its levels.

You collected 279 gold pieces.

Inventory:

Hand Weapons
 a - a +0 long sword (weapon)
Armour
 b - a +0 scale mail (worn)
 c - a +0 shield (worn)
 l - a +0 cloak (worn)
Jewellery
 h - a cursed ring of loudness {unknown}
 v - an uncursed ring of ice {unknown}
Wands
 k - a wand of teleportation (3/9)
 x - a wand of iceblast (11/15)
Scrolls
 e - 4 scrolls of remove curse {unknown}
 i - a scroll of enchant armour {unknown}
 j - a scroll of magic mapping {unknown}
 m - 2 scrolls of random uselessness {unknown}
 n - 3 scrolls of recharging {unknown}
 p - 4 scrolls of teleportation {unknown}
 q - 2 scrolls of identify {unknown}
 r - 2 scrolls of fog {unknown}
 w - 2 scrolls of blinking {unknown}
 y - a scroll of noise {unknown}
Potions
 d - a potion of might
 g - a potion of resistance {unknown}
 o - a potion of degeneration {unknown}
 s - 3 potions of curing {unknown}
 u - a potion of brilliance {unknown}
 z - a potion of cancellation {unknown}
 A - a potion of haste {unknown}
Comestibles
 f - 6 bread rations
 t - 2 meat rations
 B - a beef jerky


   Skills:
 + Level 7.4 Fighting
 + Level 6.5 Long Blades
 + Level 6.4 Armour
 - Level 3.0 Shields


You had 8 spell levels left.
You didn't know any spells.

Dungeon Overview and Level Annotations

Branches:
Dungeon (6/15)             Temple (1/1) D:5

Altars:
Ashenzari
Cheibriados
Dithmenos
Elyvilon
Fedhas
Gozag
Kikubaaqudgha
Makhleb
Nemelex Xobeh
Okawaru
Pakellas
Qazlal
Ru
Sif Muna
Vehumet
Xom
Yredelemnul
Zin
The Shining One

Annotations:
D:5 WarriorsX's ghost, novice TrBe


Message History

The ogre hits you with a giant club!
Your shield and scale mail prevent you from hitting the ogre.
The ogre is heavily wounded.
The ogre hits you with a giant club!
You hit the ogre.
The ogre is heavily wounded.
The ogre hits you with a giant club!
You barely miss the ogre.
The ogre is heavily wounded.
You block the ogre's attack.
You hit the ogre but do no damage.
The ogre is heavily wounded.
You hit the ogre.
The ogre is heavily wounded.
The ogre hits you with a giant club!
* * * LOW HITPOINT WARNING * * *
You slash the ogre!
The ogre is almost dead.
The ogre hits you with a giant club!!
You die...

#### #..# #..#
#..##################
#..O@(...............
#.###################
#.†.# .......
###...##.# ...## #
######## ....#
#....... ##.##
#.###### .. ##.##


You could see an ogre.

Vanquished Creatures
  Sigmund (D:2)
  The ghost of Heedrag the Conjurer, an amateur DECj (D:4)
  An ice beast (D:4)
  2 phantoms
  A centaur (D:6)
  3 ogres (D:4)
  A giant frog (D:6)
  A scorpion (D:4)
  2 hounds
  A giant frog skeleton (D:5)
  2 orc priests
  3 orc wizards
  Crazy Yiuf (D:2)
  6 worker ants
  Robin (D:2)
  6 adders
  An adder skeleton (D:6)
  2 worms
  3 dart slugs
  A giant gecko (D:3)
  21 orcs
  7 bats
  4 giant cockroaches
  7 hobgoblins
  9 jackals
  2 quokkas
  4 giant newts
  15 goblins
  4 kobolds
  A quokka skeleton (D:6)
  7 rats
121 creatures vanquished.

Notes
Turn   | Place    | Note
--------------------------------------------------------------
     0 | D:1      | WarriorsX the Human Fighter began the quest for the Orb.
     0 | D:1      | Reached XP level 1. HP: 18/18 MP: 1/1
   214 | D:1      | Reached XP level 2. HP: 20/24 MP: 2/2
   550 | D:2      | Noticed Crazy Yiuf
   554 | D:2      | Killed Crazy Yiuf
   554 | D:2      | Reached XP level 3. HP: 13/30 MP: 3/3
   609 | D:2      | Reached skill level 4 in Fighting
   614 | D:2      | Noticed Sigmund
   916 | D:2      | Killed Sigmund
   916 | D:2      | Reached skill level 5 in Fighting
   916 | D:2      | Reached XP level 4. HP: 13/39 MP: 4/4
   916 | D:2      | Reached XP level 5. HP: 15/44 MP: 5/5
   916 | D:2      | Reached XP level 6. HP: 17/51 MP: 6/6
  1150 | D:2      | Noticed Robin
  1202 | D:2      | Killed Robin
  2087 | D:3      | Found a white marble altar of Elyvilon.
  2216 | D:3      | Found a shadowy altar of Dithmenos.
  2297 | D:4      | Found a snail-covered altar of Cheibriados.
  2297 | D:4      | Noticed a phantom
  2356 | D:4      | Killed a phantom
  2356 | D:4      | Reached XP level 7. HP: 35/57 MP: 7/7
  2375 | D:4      | Noticed Heedrag's ghost (amateur DECj)
  2467 | D:3      | Reached skill level 6 in Fighting
  3225 | D:4      | Reached skill level 5 in Long Blades
  3365 | D:5      | Entered Level 5 of the Dungeon
  3365 | D:5      | Noticed WarriorsX's ghost (novice TrBe)
  3761 | D:4      | Killed Heedrag's ghost
  3761 | D:4      | Reached XP level 8. HP: 47/65 MP: 8/8
  4149 | D:5      | Reached skill level 5 in Armour
  4163 | D:5      | Found a staircase to the Ecumenical Temple.
  4936 | D:5      | Reached skill level 7 in Fighting
  5627 | D:5      | Found a glowing silver altar of Zin.
  5627 | D:5      | Found a shimmering altar of Xom.
  5628 | D:5      | Found a snail-covered altar of Cheibriados.
  5642 | D:5      | Found an opulent altar of Gozag.
  6100 | D:5      | Reached XP level 9. HP: 72/72 MP: 9/9
  6357 | Temple   | Entered the Ecumenical Temple
  6558 | D:6      | Found a stormy altar of Qazlal.
  6591 | D:6      | Found an ancient bone altar of Kikubaaqudgha.
  6922 | D:6      | Mangled by an ogre

Skill      XL: |  1  2  3  4  5  6  7  8 |
---------------+-------------------------+-----
Fighting       | 5 6 7 |  7.4
Long Blades    | 3 4 5 6 |  6.5
Armour         | 4 6 |  6.4
Shields        | |  3.0

Action                   |  1- 3 |  4- 6 |  7- 9 || total
-------------------------+-------+-------+-------++-------
Melee: Long sword        |    46 |   171 |   315 ||   532
Evoke: Wand              |       |       |     1 ||     1
  Use: Potion            |       |       |     1 ||     1
  Eat: Chunk             |       |     4 |    16 ||    20
Armor: Scale mail        |    43 |    83 |   125 ||   251
Dodge: Dodged            |    20 |    52 |    93 ||   165
Block: Shield            |    21 |    64 |   174 ||   259
